[ AOE2 MATCH · #513728487 ]
UnrankedGeorgians vs Koreans
Player's team · WIN
Rival team · LOSS
[ REPLAY ANALYSIS · EXTRACTED FROM THE RECORDED GAME ]
Feudal
8:00
Castle
28:25
Imperial
48:49
| APM avg | 88.6 |
| APM peak | 133 |
| eAPM avg | 40.5 |
| Villagers / military | 157 / 176 |
Focus
⚔️ 58.8% · 🌾 41.2%
Skirmisher ×109 · Monaspa ×37 · Scout Cavalry ×14 · Knight ×8 · Battering Ram ×4 · Monk ×1
Feudal
9:01
Castle
24:13
Imperial
—
| APM avg | 109.1 |
| APM peak | 168 |
| eAPM avg | 69.9 |
| Villagers / military | 152 / 192 |
Focus
⚔️ 68.7% · 🌾 31.3%
Skirmisher ×73 · Spearman ×47 · Fire Lancer ×45 · Archer ×9 · Monk ×8 · Militia ×6
Match map
Initial resources + every placement click. Lines = walls · curves = elevation contours. ◆ gold · ⬟ stone · ● berries · ✦ relic · ◌ wall gap
Your base· Open — 3t gap
AiM | Whocl's base· Open — unwalled flank
Smoothed initial terrain · ◌ = detected wall gap · hover for details
Inputs per minute
— wR.ACCM - - AiM | Whocl
Build order — wR.ACCM
First 150 of 574 actions detected
| 0:01 | Queue | Villager (Male) |
| 0:01 | Queue | Villager (Male) |
| 0:02 | Build | House |
| 0:02 | Build | House |
| 0:07 | Queue | Villager (Male) |
| 0:08 | Queue | Villager (Male) |
| 1:23 | Queue | Villager (Male) |
| 1:23 | Queue | Villager (Male) |
| 1:51 | Queue | Villager (Male) |
| 2:12 | Queue | Villager (Male) |
| 2:30 | Queue | Villager (Male) |
| 2:48 | Queue | Villager (Male) |
| 3:34 | Queue | Villager (Male) |
| 3:42 | Build | House |
| 3:57 | Queue | Villager (Male) |
| 4:13 | Build | Mill |
| 4:25 | Queue | Villager (Male) |
| 4:49 | Queue | Villager (Male) |
| 5:24 | Queue | Villager (Male) |
| 5:48 | Research | Feudal Age |
| 6:11 | Research | Loom |
| 6:46 | Build | Barracks |
| 7:04 | Build | House |
| 7:20 | Build | Palisade Wall |
| 7:50 | Build | Palisade Wall |
| 8:00 | Age | Feudal Age |
| 8:03 | Build | Stable |
| 8:07 | Queue | Villager (Male) |
| 8:12 | Build | Palisade Wall |
| 8:16 | Queue | Spearman |
| 8:17 | Research | Double-Bit Axe |
| 8:31 | Queue | Villager (Male) |
| 8:40 | Queue | Villager (Male) |
| 8:51 | Queue | Scout Cavalry |
| 8:53 | Build | House |
| 9:00 | Queue | Scout Cavalry |
| 9:14 | Build | House |
| 9:17 | Build | House |
| 9:33 | Build | House |
| 9:34 | Queue | Villager (Male) |
| 9:44 | Build | House |
| 9:57 | Build | House |
| 9:58 | Queue | Villager (Male) |
| 10:06 | Queue | Scout Cavalry |
| 10:16 | Build | Archery Range |
| 10:32 | Build | House |
| 10:33 | Queue | Villager (Male) |
| 10:37 | Build | House |
| 10:39 | Build | Palisade Wall |
| 10:52 | Build | Farm |
| 10:52 | Queue | Villager (Male) |
| 11:02 | Build | Farm |
| 11:11 | Build | Palisade Wall |
| 11:12 | Build | Palisade Wall |
| 11:13 | Queue | Scout Cavalry |
| 11:24 | Queue | Villager (Male) |
| 11:34 | Build | Farm |
| 11:46 | Queue | Villager (Male) |
| 11:49 | Build | Farm |
| 12:02 | Build | Palisade Wall |
| 12:17 | Queue | Villager (Male) |
| 12:19 | Queue | Skirmisher |
| 12:22 | Build | Farm |
| 12:23 | Build | Farm |
| 12:33 | Build | Palisade Wall |
| 12:35 | Queue | Skirmisher |
| 12:43 | Build | Farm |
| 12:44 | Build | Farm |
| 12:46 | Queue | Villager (Male) |
| 13:01 | Queue | Skirmisher |
| 13:13 | Build | Farm |
| 13:14 | Queue | Villager (Male) |
| 13:25 | Queue | Skirmisher |
| 13:26 | Build | House |
| 13:35 | Queue | Villager (Male) |
| 13:43 | Build | Farm |
| 13:44 | Build | Farm |
| 13:52 | Queue | Skirmisher |
| 14:00 | Queue | Villager (Male) |
| 14:12 | Queue | Skirmisher |
| 14:18 | Build | Farm |
| 14:18 | Queue | Villager (Male) |
| 14:35 | Build | Mule Cart |
| 14:44 | Queue | Skirmisher |
| 14:46 | Queue | Villager (Male) |
| 15:02 | Build | Farm |
| 15:07 | Queue | Villager (Male) |
| 15:12 | Queue | Villager (Male) |
| 15:14 | Build | House |
| 15:24 | Build | Stone Wall |
| 15:25 | Build | Stone Wall |
| 15:42 | Queue | Villager (Male) |
| 15:43 | Build | Blacksmith |
| 15:50 | Queue | Skirmisher |
| 16:03 | Build | House |
| 16:06 | Queue | Skirmisher |
| 16:19 | Build | Farm |
| 16:20 | Research | Fletching |
| 16:20 | Research | Fletching |
| 16:28 | Queue | Scout Cavalry |
| 16:33 | Research | Padded Archer Armor |
| 16:33 | Research | Padded Archer Armor |
| 16:44 | Build | Watch Tower |
| 16:45 | Queue | Villager (Male) |
| 16:45 | Queue | Villager (Male) |
| 16:49 | Build | Farm |
| 16:55 | Build | House |
| 17:09 | Queue | Villager (Male) |
| 17:32 | Queue | Skirmisher |
| 17:32 | Queue | Skirmisher |
| 17:37 | Queue | Skirmisher |
| 17:53 | Queue | Skirmisher |
| 17:55 | Queue | Villager (Male) |
| 18:27 | Queue | Skirmisher |
| 18:28 | Queue | Villager (Male) |
| 18:35 | Build | Farm |
| 18:45 | Queue | Skirmisher |
| 18:47 | Queue | Scout Cavalry |
| 18:49 | Queue | Villager (Male) |
| 18:54 | Build | Farm |
| 18:57 | Build | Mule Cart |
| 19:11 | Build | House |
| 19:15 | Build | Farm |
| 19:17 | Build | Farm |
| 19:19 | Build | Farm |
| 19:20 | Queue | Villager (Male) |
| 19:27 | Queue | Scout Cavalry |
| 19:30 | Build | Farm |
| 19:31 | Queue | Skirmisher |
| 19:36 | Build | Farm |
| 19:37 | Queue | Villager (Male) |
| 19:40 | Build | House |
| 19:43 | Research | Town Watch |
| 19:44 | Research | Town Watch |
| 19:56 | Build | Farm |
| 19:58 | Build | Farm |
| 20:01 | Queue | Skirmisher |
| 20:06 | Queue | Scout Cavalry |
| 20:11 | Build | Watch Tower |
| 20:12 | Queue | Villager (Male) |
| 20:14 | Queue | Skirmisher |
| 20:20 | Queue | Skirmisher |
| 20:34 | Queue | Villager (Male) |
| 20:44 | Queue | Villager (Male) |
| 20:47 | Build | Farm |
| 20:47 | Build | Farm |
| 20:50 | Build | Mill |
| 21:01 | Queue | Scout Cavalry |
| 21:10 | Build | Farm |
| 21:12 | Queue | Villager (Male) |
Build order — AiM | Whocl
First 150 of 578 actions detected
| 0:00 | Queue | Villager (Male) |
| 0:01 | Build | House |
| 0:02 | Build | House |
| 0:13 | Queue | Villager (Male) ×3 |
| 1:38 | Queue | Villager (Male) |
| 1:54 | Queue | Villager (Male) |
| 2:25 | Queue | Villager (Male) |
| 2:27 | Build | Lumber Camp |
| 2:43 | Queue | Villager (Male) |
| 3:15 | Queue | Villager (Male) |
| 3:37 | Queue | Villager (Male) |
| 3:51 | Build | House |
| 4:05 | Queue | Villager (Male) |
| 4:27 | Queue | Villager (Male) |
| 4:27 | Queue | Villager (Male) |
| 5:07 | Build | Barracks |
| 5:24 | Queue | Villager (Male) |
| 5:50 | Queue | Villager (Male) |
| 6:02 | Build | House |
| 6:03 | Build | Palisade Wall |
| 6:15 | Research | Loom |
| 6:51 | Research | Feudal Age |
| 6:55 | Build | House |
| 6:55 | Build | Palisade Wall |
| 7:04 | Queue | Militia |
| 7:04 | Queue | Militia |
| 7:19 | Queue | Militia |
| 7:19 | Queue | Militia |
| 7:30 | Build | House |
| 7:45 | Build | Mining Camp |
| 7:47 | Queue | Militia |
| 8:18 | Queue | Militia |
| 8:58 | Build | Mill |
| 9:01 | Age | Feudal Age |
| 9:02 | Queue | Villager (Male) |
| 9:08 | Research | Man-at-Arms (upgrade) |
| 9:30 | Queue | Villager (Male) |
| 9:34 | Build | Archery Range |
| 10:00 | Queue | Villager (Male) |
| 10:06 | Build | Farm |
| 10:16 | Queue | Villager (Male) |
| 10:47 | Queue | Archer |
| 10:47 | Queue | Villager (Male) |
| 10:48 | Build | Farm |
| 10:51 | Build | Palisade Wall |
| 10:52 | Build | Palisade Wall |
| 10:53 | Build | Palisade Wall |
| 11:08 | Queue | Archer |
| 11:12 | Queue | Villager (Male) |
| 11:15 | Queue | Spearman |
| 11:19 | Build | Farm |
| 11:21 | Build | Farm |
| 11:24 | Queue | Archer |
| 11:30 | Build | House |
| 11:38 | Build | House |
| 11:39 | Build | Palisade Wall |
| 11:48 | Queue | Villager (Male) |
| 11:53 | Build | Palisade Wall |
| 12:10 | Queue | Villager (Male) |
| 12:18 | Queue | Archer |
| 12:34 | Build | Blacksmith |
| 12:40 | Queue | Spearman |
| 12:42 | Queue | Villager (Male) |
| 13:03 | Queue | Villager (Male) |
| 13:08 | Queue | Archer |
| 13:14 | Build | Farm |
| 13:23 | Queue | Villager (Male) |
| 13:37 | Build | Watch Tower |
| 13:40 | Research | Fletching |
| 13:45 | Queue | Villager (Male) |
| 14:00 | Queue | Archer |
| 14:05 | Build | Farm |
| 14:06 | Queue | Villager (Male) |
| 14:06 | Queue | Villager (Male) |
| 14:16 | Build | Palisade Gate |
| 14:24 | Build | Palisade Wall |
| 14:25 | Queue | Villager (Male) |
| 14:33 | Build | House |
| 14:40 | Build | Palisade Wall |
| 14:40 | Build | Palisade Wall |
| 14:40 | Build | Palisade Wall |
| 14:41 | Build | Palisade Wall |
| 14:41 | Build | Palisade Wall |
| 14:42 | Build | Palisade Wall |
| 14:42 | Build | Palisade Wall |
| 14:46 | Queue | Archer |
| 14:55 | Queue | Spearman |
| 14:58 | Build | Mining Camp |
| 15:00 | Build | Mining Camp |
| 15:04 | Queue | Villager (Male) |
| 15:08 | Build | Palisade Wall |
| 15:18 | Queue | Villager (Male) |
| 15:31 | Queue | Villager (Male) |
| 15:43 | Build | Farm |
| 15:51 | Build | Palisade Wall |
| 16:04 | Queue | Spearman |
| 16:06 | Build | Palisade Wall |
| 16:08 | Build | House |
| 16:22 | Queue | Villager (Male) |
| 16:30 | Build | Watch Tower |
| 16:40 | Build | Watch Tower |
| 16:43 | Queue | Skirmisher |
| 16:43 | Queue | Skirmisher |
| 16:45 | Queue | Villager (Male) |
| 16:47 | Build | Farm |
| 16:51 | Build | Farm |
| 17:16 | Queue | Skirmisher |
| 17:20 | Build | Stone Wall |
| 17:22 | Build | Stone Wall |
| 17:36 | Queue | Villager (Male) |
| 17:37 | Queue | Archer |
| 17:47 | Build | Market |
| 17:47 | Build | House |
| 17:51 | Queue | Villager (Male) |
| 17:59 | Queue | Archer |
| 18:07 | Build | Stone Wall |
| 18:14 | Build | Stone Wall |
| 18:16 | Build | Stone Wall |
| 18:18 | Queue | Villager (Male) |
| 18:22 | Queue | Villager (Male) |
| 18:23 | Build | Farm |
| 18:46 | Queue | Villager (Male) |
| 18:57 | Queue | Villager (Male) |
| 18:57 | Build | Farm |
| 19:03 | Queue | Skirmisher |
| 19:12 | Queue | Villager (Male) |
| 19:15 | Build | House |
| 19:28 | Build | Archery Range |
| 19:33 | Build | Lumber Camp |
| 19:39 | Queue | Villager (Male) |
| 20:04 | Build | Watch Tower |
| 20:05 | Queue | Villager (Male) |
| 20:08 | Build | Watch Tower |
| 20:10 | Queue | Skirmisher |
| 20:21 | Queue | Skirmisher |
| 20:23 | Queue | Villager (Male) |
| 20:34 | Build | Farm |
| 20:34 | Build | Farm |
| 20:35 | Build | Farm |
| 20:36 | Queue | Villager (Male) |
| 20:58 | Build | House |
| 21:04 | Build | Farm |
| 21:22 | Build | House |
| 21:26 | Build | Watch Tower |
| 21:34 | Research | Castle Age |
| 21:34 | Research | Castle Age |
| 22:05 | Queue | Skirmisher |
| 22:07 | Queue | Skirmisher |
| 22:22 | Queue | Skirmisher |
| 22:23 | Queue | Skirmisher |
Match timeline
| 5:07 | AiM | Whocl · first_building Barracks |
| 6:03 | AiM | Whocl · wall_segment Palisade Wall x1 |
| 6:46 | wR.ACCM · first_building Barracks |
| 6:55 | AiM | Whocl · wall_segment Palisade Wall x1 |
| 7:20 | wR.ACCM · wall_segment Palisade Wall x1 |
| 7:50 | wR.ACCM · wall_segment Palisade Wall x1 |
| 8:00 | wR.ACCM · age_up feudal |
| 8:03 | wR.ACCM · first_building Stable |
| 8:12 | wR.ACCM · wall_segment Palisade Wall x1 |
| 9:01 | AiM | Whocl · age_up feudal |
| 9:34 | AiM | Whocl · first_building Archery Range |
| 10:16 | wR.ACCM · first_building Archery Range |
| 10:39 | wR.ACCM · wall_segment Palisade Wall x1 |
| 10:51 | AiM | Whocl · wall_segment Palisade Wall x1 |
| 10:52 | AiM | Whocl · wall_segment Palisade Wall x1 |
| 10:53 | AiM | Whocl · wall_segment Palisade Wall x1 |
| 11:11 | wR.ACCM · wall_segment Palisade Wall x1 |
| 11:12 | wR.ACCM · wall_segment Palisade Wall x1 |
| 11:39 | AiM | Whocl · wall_segment Palisade Wall x5 |
| 11:53 | AiM | Whocl · wall_segment Palisade Wall x4 |
| 12:02 | wR.ACCM · wall_segment Palisade Wall x4 |
| 12:33 | wR.ACCM · wall_segment Palisade Wall x1 |
| 14:24 | AiM | Whocl · wall_segment Palisade Wall x1 |
| 14:40 | AiM | Whocl · wall_segment Palisade Wall x1 |
| 14:40 | AiM | Whocl · wall_segment Palisade Wall x1 |
| 14:40 | AiM | Whocl · wall_segment Palisade Wall x1 |
| 14:41 | AiM | Whocl · wall_segment Palisade Wall x1 |
| 14:41 | AiM | Whocl · wall_segment Palisade Wall x1 |
| 14:42 | AiM | Whocl · wall_segment Palisade Wall x1 |
| 14:42 | AiM | Whocl · wall_segment Palisade Wall x2 |
| 15:08 | AiM | Whocl · wall_segment Palisade Wall x1 |
| 15:24 | wR.ACCM · wall_segment Stone Wall x1 |
| 15:25 | wR.ACCM · wall_segment Stone Wall x1 |
| 15:51 | AiM | Whocl · wall_segment Palisade Wall x1 |
| 16:06 | AiM | Whocl · wall_segment Palisade Wall x1 |
| 17:20 | AiM | Whocl · wall_segment Stone Wall x1 |
| 17:22 | AiM | Whocl · wall_segment Stone Wall x1 |
| 18:07 | AiM | Whocl · wall_segment Stone Wall x1 |
| 18:14 | AiM | Whocl · wall_segment Stone Wall x1 |
| 18:16 | AiM | Whocl · wall_segment Stone Wall x1 |
| 19:38 | AiM | Whocl · first_market_sell 100 wood |
| 19:38 | AiM | Whocl · first_market_buy 100 food |
| 23:08 | AiM | Whocl · wall_segment Stone Wall x1 |
| 23:10 | AiM | Whocl · wall_segment Stone Wall x1 |
| 24:13 | AiM | Whocl · age_up castle |
| 24:44 | AiM | Whocl · wall_segment Palisade Wall x1 |
| 24:45 | AiM | Whocl · wall_segment Palisade Wall x1 |
| 24:45 | AiM | Whocl · wall_segment Palisade Wall x1 |
| 24:46 | AiM | Whocl · wall_segment Palisade Wall x1 |
| 24:48 | AiM | Whocl · wall_segment Palisade Wall x1 |
| 25:15 | wR.ACCM · first_market_buy 100 food |
| 25:39 | wR.ACCM · wall_segment Palisade Wall x1 |
| 25:39 | wR.ACCM · wall_segment Palisade Wall x1 |
| 25:40 | wR.ACCM · wall_segment Palisade Wall x1 |
| 26:08 | wR.ACCM · wall_segment Palisade Wall x1 |
| 28:25 | wR.ACCM · wall_segment Palisade Wall x6 |
| 28:25 | wR.ACCM · age_up castle |
| 29:33 | wR.ACCM · wall_segment Palisade Wall x1 |
| 29:34 | wR.ACCM · wall_segment Palisade Wall x1 |
| 31:24 | AiM | Whocl · wall_segment Stone Wall x1 |
| 31:26 | AiM | Whocl · wall_segment Stone Wall x1 |
| 32:08 | wR.ACCM · first_building Siege Workshop |
| 33:16 | wR.ACCM · wall_segment Palisade Wall x1 |
| 33:37 | AiM | Whocl · first_building Monastery |
| 33:45 | AiM | Whocl · wall_segment Stone Wall x1 |
| 34:21 | wR.ACCM · first_building Monastery |
| 35:08 | wR.ACCM · first_building Castle |
| 36:21 | AiM | Whocl · first_building Siege Workshop |
| 39:41 | AiM | Whocl · wall_segment Stone Wall x1 |
| 39:41 | AiM | Whocl · wall_segment Stone Wall x1 |
| 39:41 | AiM | Whocl · wall_segment Stone Wall x1 |
| 39:41 | AiM | Whocl · wall_segment Stone Wall x1 |
| 40:00 | AiM | Whocl · wall_segment Stone Wall x1 |
| 40:42 | AiM | Whocl · wall_segment Stone Wall x1 |
| 40:42 | AiM | Whocl · wall_segment Stone Wall x1 |
| 40:42 | AiM | Whocl · wall_segment Stone Wall x1 |
| 40:43 | AiM | Whocl · wall_segment Stone Wall x1 |
| 40:43 | AiM | Whocl · wall_segment Stone Wall x1 |
| 41:32 | AiM | Whocl · wall_segment Palisade Wall x1 |
| 41:33 | AiM | Whocl · wall_segment Palisade Wall x1 |
| 41:35 | AiM | Whocl · wall_segment Palisade Wall x1 |
| 41:35 | AiM | Whocl · wall_segment Palisade Wall x1 |
| 45:38 | wR.ACCM · first_market_sell 100 food |
| 47:30 | AiM | Whocl · wall_segment Stone Wall x1 |
| 48:10 | AiM | Whocl · first_building Castle |
| 48:33 | AiM | Whocl · wall_segment Stone Wall x1 |
| 48:41 | AiM | Whocl · wall_segment Stone Wall x1 |
| 48:49 | wR.ACCM · age_up imperial |
| 49:23 | AiM | Whocl · resign |
[ AI ANALYSIS · 1 CREDIT ]
What really happened in this match?
Wolo.gg analyzes every decision: build order, eco, micro, common mistakes by bracket. Personalized analysis on WhatsApp or Discord in 30 seconds.
Civ guide
Georgians
Perfil
Jugador #347269